 Dungeon Crawl Stone Soup version 0.30-a0-956-gcec3b41aec (webtiles) character file.

Game seed: 1693906534794635855

33686 cforsyth the Basher (level 14, -8/114 HPs)
             Began as a Formicid Fighter on Mar 29, 2023.
             Was an Initiate of Ru.
             Killed from afar by an ice dragon (17 damage)
             ... with a blast of cold
             ... in an ice cave.
             The game lasted 00:32:11 (16945 turns).

cforsyth the Basher (Formicid Fighter)             Turns: 16945, Time: 00:32:11

Health: -8/114     AC: 16    Str: 26    XL:     14   Next: 9%
Magic:  14/14      EV:  8    Int:  8    God:    Ru [......]
Gold:   766        SH: 13    Dex: 19    Spells: 13/13 levels left

rFire   + . .      SeeInvis +    a - +0 flail (freeze)
rCold   + . .      Faith    .    E - +0 kite shield
rNeg    . . .      Spirit   .    r - +1 chain mail {Will+}
rPois   +          Reflect  .    (helmet unavailable)
rElec   +          Rampage  .    (no cloak)
rCorr   +                        B - +2 pair of gloves
Will    +++..                    (no boots)
Stlth   x                          - amulet of regeneration
HPRegen 1.19/turn                v - +6 ring of dexterity
MPRegen 0.14/turn                z - ring of willpower

@: mighty, resistant, invisible
A: permanent stasis, dig shafts and tunnels, antennae 3, no stealth, four strong
arms
a: Dig, Renounce Religion


You were in an ice cave.
You worshipped Ru.
Ru was noncommittal.
You visited 2 branches of the dungeon, and saw 12 of its levels.
You also visited: Sewer and Ice Cave.

You collected 952 gold pieces.
You spent 186 gold pieces at shops.

Inventory:

Hand Weapons
 a - a +0 flail of freezing (weapon)
 j - a +1 hand crossbow of freezing
Missiles
 J - a throwing net
Armour
 r - a +1 chain mail of willpower (worn)
 B - a +2 pair of gloves (worn)
 E - a +0 kite shield (worn)
Jewellery
 l - the ring of the Mage {Wiz Archmagi}
   (You found it in an ice cave)

   [ring of wizardry]

   It improves your spell success rate.
   Archmagi:  It increases the power of your magical spells.
 o - an amulet of the acrobat
 v - a +6 ring of dexterity (left hand)
 x - an amulet of regeneration (around neck)
 z - a ring of willpower (right hand)
 L - a ring of positive energy
Wands
 D - a wand of polymorph (8)
 F - a wand of iceblast (12)
 H - a wand of light (3)
Scrolls
 c - a scroll of enchant weapon {unknown}
 h - a scroll of vulnerability {unknown}
 i - 3 scrolls of fear
 p - 2 scrolls of brand weapon
 w - 4 scrolls of enchant armour
 y - 3 scrolls of magic mapping
 A - a scroll of fog {unknown}
 C - 3 scrolls of immolation {unknown}
 G - a scroll of amnesia {unknown}
Potions
 b - 2 potions of attraction
 d - a potion of might
 e - 3 potions of cancellation
 f - a potion of resistance
 g - 2 potions of magic
 k - 4 potions of invisibility
 m - 5 potions of brilliance
 q - 3 potions of mutation
 s - a potion of lignification
 u - a potion of ambrosia
 K - 2 potions of curing


   Skills:
 - Level 11.9 Fighting
 - Level 14.7 Maces & Flails
 + Level 10.5 Armour
 + Level 12.5 Shields


You had 13 spell levels left.
You didn't know any spells.
Your spell library contained the following spells:

 Spells                   Type           Power      Damage    Failure   Level
 Apportation              Tloc           0%         N/A       98%         1
 Kiss of Death            Conj/Necr      0%         2d5       98%         1
 Necrotise                Necr           0%         1d4       98%         1
 Slow                     Hex            0%         N/A       98%         1
 Summon Small Mammal      Summ           0%         N/A       98%         1
 Momentum Strike          Conj/Tloc      0%         3d8       99%         2
 Sublimation of Blood     Necr           0%         N/A       99%         2
 Wereblood                Tmut           0%         N/A       99%         2
 Confusing Touch          Hex            0%         N/A       100%        3
 Kindle Blastsparks       Fire/Tloc/Air  0%         2d10      100%        3
 Vampiric Draining        Necr           0%         2d6       100%        3
 Dispel Undead            Necr           0%         3d6       100%        4
 Fulminant Prism          Conj/Hex       0%         3d5       100%        4
 Iskenderun's Mystic Bla  Conj/Tloc      0%         2d3       100%        4
 Lee's Rapid Deconstruct  Erth           0%         3d4*      100%        5
 Summon Hydra             Summ           0%         N/A       100%        7


Dungeon Overview and Level Annotations

Branches:
Dungeon (11/15)            Temple (1/1) D:4            Lair (0/5) D:9
  Sewer (visited)           IceCv (1/1)
    Orc: D:9-12

Altars:
Ashenzari
Cheibriados
Dithmenos
Elyvilon
Fedhas
Gozag
Hepliaklqana
Kikubaaqudgha
Makhleb
Nemelex Xobeh
Okawaru
Qazlal
Ru
Sif Muna
Trog
Uskayaw
Vehumet
Yredelemnul
Zin
The Shining One

Shops:
D:1 (   D:5 *   D:7 *=

Annotations:
D:4 3 runed translucent doors, cforsyth's ghost, amateur FoFi
D:8 3 runed translucent doors, billz999's ghost, novice HOFE


Innate Abilities, Weirdness & Mutations

You cannot be hasted, slowed, berserked, paralysed or teleported.
You can dig through walls and to a lower floor.
You have a pair of large antennae on your head. (SInv)
You cannot be stealthy.
Your four strong arms can wield two-handed weapons with a shield.


Message History

You block the rime drake's attack.
You closely miss the rime drake.
The rime drake is severely wounded.
The ice encasing you melts away. The rime drake bites you.
The ice dragon breathes frost at you. The blast of cold hits you! You resist.
You sock the rime drake! You freeze the rime drake.
The rime drake is almost dead.
You block the rime drake's attack. You block the ice dragon's attack.
The ice dragon claws you. The ice dragon barely misses you.
You closely miss the rime drake.
The rime drake is almost dead.
You block the rime drake's attack. The ice dragon bites you.
The ice dragon claws you.
* * * LOW HITPOINT WARNING * * *
The ice dragon tramples you.
* * * LOW HITPOINT WARNING * * *
You hold your ground!
You sock the rime drake!
You kill the rime drake!
You hit the ice dragon.
The ice dragon is moderately wounded.
The ice dragon breathes frost at you. The blast of cold hits you!! You resist.
* * * LOW HITPOINT WARNING * * *
You block the lindwurm simulacrum's attack. x2
The lindwurm simulacrum claws you but does no damage.
You sock the lindwurm simulacrum!
The lindwurm simulacrum is heavily damaged.
You block the ice dragon's attack. The ice dragon claws you!
* * * LOW HITPOINT WARNING * * *
The ice dragon tramples you but does no damage.
You fade into invisibility!
The lindwurm simulacrum closely misses you.
You block the lindwurm simulacrum's attack.
The lindwurm simulacrum claws you but does no damage.
The ice dragon breathes frost at you. The blast of cold hits you! You resist.
You die...

#..##
#..#
.รท##
#..## .##
##..## .#
##..###
## ##...#
# ###.###
# #..#.##
#
##.##Z.#
#
#..#@D.#
#
##...#.##
#####..#
{ #...# #
##..# #
##.# #
#..# #
### ....#
# ##.##
..Z..##


You could see an ice dragon (unable to see you, catching breath) and a lindwurm
simulacrum (unable to see you).

Vanquished Creatures
  Harold (D:11)
  A two-headed ogre (D:11)
  Amaemon (D:8)
  A cyclops (D:11)
  A manticore (D:9)
  2 ice statues (IceCv)
  An orange demon (D:8)
  Maggie (D:8)
  6 rime drakes
  A hornet (D:8)
  Grinder (D:3)
  2 wyverns
  2 vampires
  3 yaks (D:8)
  2 steam dragons (D:6)
  A water moccasin (D:9)
  An ice beast (D:5)
  A hornet zombie (D:6)
  7 orc warriors
  A black bear (D:7)
  2 ogres
  4 centaurs
  2 phantoms
  A kobold brigand (D:7)
  3 bullfrogs
  A gnoll sergeant (D:6)
  2 scorpions
  A wyvern zombie (D:6)
  23 wights
  5 killer bees (D:9)
  A lindwurm simulacrum (IceCv)
  A howler monkey (D:5)
  8 komodo dragon simulacra (IceCv)
  8 hounds
  6 bullfrog zombies (D:6)
  2 jellies
  7 orc priests
  2 sleepcaps (D:6)
  5 iguanas
  Jessica (D:3)
  8 orc wizards
  4 killer bee zombies (D:6)
  3 howler monkey zombies (D:6)
  2 acid dragon simulacra (IceCv)
  5 gnolls
  12 adders
  A howler monkey skeleton (D:6)
  4 river rats (Sewer)
  2 ufetubi (D:5)
  7 steam dragon simulacra (IceCv)
  2 worms
  6 dart slugs
  45 orcs
  4 bats
  8 endoplasms
  A giant cockroach (D:3)
  10 goblins
  11 hobgoblins
  3 jackals (D:1)
  5 quokkas
  12 ball pythons
  4 frilled lizards
  30 kobolds
  22 rats
333 creatures vanquished.

Vanquished Creatures (others)
  An adder (D:6)
  12 fungi
  A withered plant (D:6)
14 creatures vanquished.

Grand Total: 347 creatures vanquished

Notes
Turn   | Place    | Note
-------+----------+-------------------------------------------
     0 | D:1      | cforsyth the Formicid Fighter began the quest for the Orb.
     0 | D:1      | Reached XP level 1. HP: 18/18 MP: 1/1
    70 | D:1      | Found Wedue's Weapon Boutique.
   115 | D:1      | Reached XP level 2. HP: 24/24 MP: 2/2
   257 | D:1      | Reached XP level 3. HP: 25/29 MP: 3/3
   344 | D:1      | Reached skill level 3 in Maces & Flails
  1000 | D:2      | Reached XP level 4. HP: 37/37 MP: 4/4
  1044 | D:2      | Identified the +6 hand axe "Bopywom" {heavy, rN++}
  1767 | D:3      | Found a glowing drain.
  1781 | D:3      | Reached skill level 4 in Maces & Flails
  1788 | Sewer    | Entered a sewer
  1826 | Sewer    | Reached XP level 5. HP: 42/42 MP: 5/5
  2202 | Sewer    | Reached XP level 6. HP: 16/49 MP: 6/6
  2870 | D:3      | Found a faded altar of an unknown god.
  2954 | D:3      | Noticed Grinder
  2984 | D:3      | Killed Grinder
  2985 | D:3      | Reached skill level 5 in Fighting
  2985 | D:3      | Reached skill level 5 in Maces & Flails
  2985 | D:3      | Reached XP level 7. HP: 29/56 MP: 7/7
  3352 | D:3      | Reached skill level 6 in Maces & Flails
  3480 | D:3      | Noticed Jessica
  3488 | D:3      | Killed Jessica
  3499 | D:3      | Got Jessica's Collected Works on the Singularity
  4358 | D:4      | Reached skill level 7 in Maces & Flails
  4358 | D:4      | Reached XP level 8. HP: 64/64 MP: 8/8
  4393 | D:4      | Found a bloodstained altar of Trog.
  4427 | D:4      | Found a runed translucent gate.
  4427 | D:4      | Found a runed translucent gate.
  4427 | D:4      | Found a runed translucent gate.
  4599 | D:4      | Found a staircase to the Ecumenical Temple.
  4657 | D:4      | Noticed cforsyth's ghost (amateur FoFi)
  4746 | D:5      | Entered Level 5 of the Dungeon
  4926 | D:5      | Reached skill level 8 in Maces & Flails
  5118 | D:5      | Found Faupuvymo's Gadget Gallery.
  5248 | D:5      | Found a hazy altar of Hepliaklqana.
  5457 | D:6      | Noticed a vampire
  5479 | D:6      | HP: 2/67 [vampire (5)]
  5482 | D:6      | Killed a vampire
  5952 | D:6      | Reached XP level 9. HP: 53/72 MP: 9/9
  6018 | D:6      | Reached skill level 9 in Maces & Flails
  6953 | D:6      | Reached skill level 10 in Maces & Flails
  7370 | D:6      | Reached XP level 10. HP: 68/82 MP: 10/10
  7414 | D:6      | Identified the +4 dagger of Imbalance {elec, rN++ Str+5
                  | Int-3}
  7611 | D:7      | Reached skill level 11 in Maces & Flails
  8027 | D:7      | Found a white marble altar of Elyvilon.
  8137 | Temple   | Entered the Ecumenical Temple
  8488 | D:7      | Found a shadowy altar of Dithmenos.
  8520 | D:7      | Found Liemn's Assorted Antiques.
  8540 | D:7      | Bought a scroll of identify for 42 gold pieces
  8540 | D:7      | Bought a scroll of identify for 42 gold pieces
  8540 | D:7      | Bought a scroll labelled AMEUJU WAMINK for 21 gold pieces
  8540 | D:7      | Bought a clear potion for 18 gold pieces
  8540 | D:7      | Bought a scroll labelled QOTUKKEGEOS for 21 gold pieces
  8540 | D:7      | Bought a scroll labelled BUTOAXZOYWK for 21 gold pieces
  8540 | D:7      | Bought a scroll labelled BUTOAXZOYWK for 21 gold pieces
  9205 | D:7      | Found Doqiats's Jewellery Shoppe.
  9593 | D:8      | Reached skill level 12 in Maces & Flails
  9834 | D:8      | Noticed Maggie
  9850 | D:8      | Killed Maggie
  9852 | D:8      | Reached skill level 10 in Fighting
  9931 | D:8      | Noticed Amaemon
  9932 | D:8      | Found a glowing golden altar of the Shining One.
  9933 | D:8      | Noticed an orange demon
 10394 | D:8      | Killed Amaemon
 10613 | D:8      | Killed an orange demon
 10614 | D:8      | Reached XP level 11. HP: 27/92 MP: 11/11
 10968 | D:8      | Found a runed translucent gate.
 10968 | D:8      | Found a runed translucent gate.
 10968 | D:8      | Found a runed translucent gate.
 10971 | D:8      | Identified the +3 chain mail of Integrity {Int+3}
 10973 | D:8      | Noticed billz999's ghost (novice HOFE)
 11027 | D:8      | Found a hide-covered altar of Uskayaw.
 11033 | D:8      | Reached skill level 13 in Maces & Flails
 11388 | D:8      | Found a sacrificial altar of Ru.
 11477 | D:8      | Became a worshipper of Ru the Awakened
 12028 | D:8      | Found a basalt altar of Yredelemnul.
 12887 | D:9      | Noticed a manticore
 12895 | D:9      | Killed a manticore
 13170 | D:9      | Reached skill level 14 in Maces & Flails
 13440 | D:9      | Gained mutation: You cannot be stealthy. [Ru sacrifice]
 13449 | D:9      | Found a staircase to the Lair.
 13629 | D:10     | Entered Level 10 of the Dungeon
 13703 | D:10     | You fall into a shaft and drop 1 floor!
 13865 | D:11     | Noticed Harold
 13877 | D:11     | Killed Harold
 13918 | D:11     | Noticed a cyclops
 13926 | D:11     | Killed a cyclops
 14090 | D:11     | Noticed a two-headed ogre
 14093 | D:11     | Found a frozen archway.
 14104 | D:11     | Killed a two-headed ogre
 14219 | IceCv    | Entered an ice cave
 14876 | IceCv    | Reached XP level 12. HP: 66/102 MP: 12/12
 15072 | IceCv    | Reached XP level 13. HP: 107/107 MP: 13/13
 15073 | IceCv    | Reached skill level 10 in Armour
 15073 | IceCv    | Reached XP level 14. HP: 114/114 MP: 14/14
 16215 | IceCv    | Found the ring of the Mage {Wiz Archmagi}
 16945 | IceCv    | Killed from afar by an ice dragon

Illustrated notes

Levels and vault maps discovered:
D:1:      scummos_arrival_forest, layout_basic, serial_shops,
          nicolae_shop_crystal
D:2:      layout_basic, serial_co_window_serial, co_window_of_opportunity_a,
          co_window_corner_a, co_window_corner_a, co_window_paths_a,
          co_window_paths_b, co_window_of_opportunity_a,
          co_window_of_opportunity_c, co_window_2corner, co_window_corner_b,
          co_window_4corner_a, glass_columns_a, minmay_goblin_kobold_house
D:3:      layout_loops_corners, shapermc_ecumenical_altar_notcrosses,
          cheibrodos_sewer_entry_sluice, kennysheep_flooded_box,
          mrwooster_statue_mirror, kennysheep_jessica_study, uniq_jessica,
          uniq_grinder
D:4:      layout_rooms, mainiacjoe_overflow_brackets, minmay_temple_entry_wispy,
          gammafunk_ghost_nasty_kobolds
D:5:      layout_cave_pools, lemuel_round_altar, nicolae_shop_gadgets
D:6:      minmay_clustersquares, layout_loops_corners, serial_undead,
          serial_undead_f, serial_undead_d, serial_undead_a, serial_undead_d,
          serial_undead_b, serial_undead_d, chequers_jeans
D:7:      layout_basic, nicolae_dithmenos_through_a_glass_darkly,
          elyvilon_altar_1, serial_shops, nicolae_diamond_shop,
          nicolae_shop_advertising_works [nicolae_subvault_shop_adworks]
D:8:      layout_loops_ring, mainiacjoe_overflow_boulevard,
          nicolae_overflow_crystal_walls, mainiacjoe_overflow_large_starburst,
          special_room [special_room_orc], biasface_ghost_orc_armoury,
          uniq_maggie, uniq_amaemon
D:9:      layout_basic, lair_entry_dummy
D:10:     lemuel_vampire_tower, layout_irregular_city, dk_xom_monty_hall,
          nicolae_wu_jian_wuxing_cycle, nicolae_lava_and_water, uniq_lodul
D:11:     layout_loops_cross, portal_ice_cave_rime, uniq_harold, uniq_sonja
Temple:   nicolae_temple_bog_church
IceCv:    ice_cave_small_dragons

Skill      XL: |  1  2  3  4  5  6  7  8  9 10 11 12 13 |
---------------+----------------------------------------+-----
Maces & Flails | 3 4 5 7 8 10 12 14 | 14.7
Fighting       | 4 5 6 7 8 10 11 | 11.9
Armour         | 7 10 | 10.5
Shields        | 9 12 | 12.5

Action                     |  1- 3 |  4- 6 |  7- 9 | 10-12 | 13-15 || total
---------------------------+-------+-------+-------+-------+-------++-------
  Melee: Flail             |   111 |   200 |   412 |   487 |   154 ||  1364
 Invoke: Sacrifice Stealth |       |       |       |     1 |       ||     1
Ability: Shaft Self        |       |       |       |     1 |       ||     1
  Evoke: Wand              |       |       |       |     5 |       ||     5
    Use: Scroll            |       |    10 |       |    14 |       ||    24
         Potion            |       |       |     1 |    12 |     4 ||    17
   Stab: Invisible         |       |       |       |     1 |       ||     1
 Armour: Scale mail        |    67 |    85 |   181 |     3 |       ||   336
         Chain mail        |       |       |       |   175 |    49 ||   224
  Dodge: Dodged            |    68 |    73 |   204 |   143 |    29 ||   517
  Block: Buckler           |    26 |    35 |   112 |       |       ||   173
         Kite shield       |       |       |    77 |   205 |    84 ||   366

Table legend: (Time is in decaauts)
 A = Elapsed time spent in this place.
 B = Non-inter-level travel time spent in this place.
 C = Inter-level travel time spent in this place.
 D = Time resting spent in this place.
 E = Time spent auto-exploring this place.
 F = Levels seen in this place.
 G = Mean time per level.
                   A        B        C        D        E       F      G
               +--------+--------+--------+--------+--------+-----+--------+
         Total |  16993 |  16429 |    564 |   6068 |   6769 |  14 | 1213.8 |
       Dungeon |  13071 |  12532 |    539 |   3674 |   6140 |  11 | 1188.3 |
        Temple |    185 |    161 |     24 |      0 |    151 |   1 |  185.0 |
         Sewer |   1045 |   1045 |      0 |    314 |    408 |   1 | 1045.0 |
      Ice Cave |   2691 |   2691 |      0 |   2079 |     69 |   1 | 2691.0 |
               +--------+--------+--------+--------+--------+-----+--------+

Top non-repeatable levels by time:
   IceCv: 2691 daAuts
     D:6: 2272 daAuts
     D:8: 2057 daAuts
     D:7: 2052 daAuts
     D:3: 1529 daAuts
     D:9: 1195 daAuts
   Sewer: 1045 daAuts
     D:5: 942 daAuts
     D:1: 894 daAuts
     D:2: 835 daAuts
     D:4: 710 daAuts
    D:11: 509 daAuts
  Temple: 185 daAuts
    D:10: 72 daAuts
